 Dungeon Crawl Stone Soup version 0.28-a0-655-g4eb62b627b (webtiles) character file.

Game seed: 566198060527363225

492 kae the Ruffian (level 6, -1/51 HPs)
             Began as a Draconian Transmuter on Oct 12, 2021.
             Slain by a kobold brigand (4 damage)
             ... in a sewer.
             The game lasted 00:03:11 (5025 turns).

kae the Ruffian (Draconian Transmuter)              Turns: 5025, Time: 00:03:11

Health: -1/51      AC:  2    Str: 13    XL:     6   Next: 91%
Magic:  16/18      EV: 19    Int: 15    God:
Gold:   146        SH:  0    Dex: 16    Spells: 1/9 levels left

rFire   . . .      SeeInvis .     - Unarmed
rCold   . . .      Faith    .   (shield currently unavailable)
rNeg    . . .      Spirit   .   (armour unavailable)
rPois   x          Reflect  .   (helmet currently unavailable)
rElec   .          Harm     .   (cloak currently unavailable)
rCorr   .          Rampage  .   (gloves currently unavailable)
Will    .....                   (boots currently unavailable)
Stlth   +.........              (no amulet)
HPRegen 0.17/turn               f - ring of magical power
MPRegen 0.16/turn               (no ring)

@: lethally poisoned (-1 -> -18), spider-form (expiring), slowed, very slow
A: venomous fangs, AC +6, tiny, unfitting armour, (cold-blooded)
a: End Transformation


You were in a sewer.
You were a venomous arachnid creature.
You visited 1 branch of the dungeon, and saw 4 of its levels.
You also visited: Sewer.

You collected 146 gold pieces.

Inventory:

Missiles
 h - a throwing net
Armour
 e - a +1 hat (melded)
Jewellery
 f - a ring of magical power (left front leg)
Wands
 c - a wand of acid (4)
Scrolls
 a - a scroll of fear
 d - a scroll of identify
 i - a scroll of teleportation
 j - 2 scrolls of immolation
Potions
 b - 4 potions of curing
 g - 2 potions of degeneration
 k - a potion of might
 l - a potion of heal wounds {unknown}
 m - a potion of resistance {unknown}


   Skills:
 + Level 3.4 Fighting
 - Level 1.7 Dodging
 * Level 5.2 Unarmed Combat
 - Level 2.0 Spellcasting
 + Level 3.7 Transmutations
 * Level 2.6 Ice Magic
 - Level 2.0 Poison Magic


You had one spell level left.
You knew the following spells:

 Your Spells              Type           Power      Damage    Failure   Level
a - Beastly Appendage     Tmut           24%        N/A       14%         1
b - Spider Form           Tmut/Pois      5%         N/A       41%         3
c - Ice Form              Ice/Tmut       11%        N/A       73%         4

Your spell library contained the following spells:

 Spells                   Type           Power      Damage    Failure   Level
 Summon Small Mammal      Summ           4%         N/A       43%         1
 Wereblood                Tmut           12%        N/A       21%         2
 Call Canine Familiar     Summ           1%         N/A       75%         3
 Summon Guardian Golem    Hex/Summ       1%         N/A       75%         3
 Dispersal                Tloc           0%         N/A       100%        6
 Disjunction              Tloc           0%         N/A       100%        8


Dungeon Overview and Level Annotations

Branches:
Dungeon (4/15)              Sewer (1/1)
 Temple: D:4-7

Altars:
Hepliaklqana
Vehumet

Annotations:
D:3 1 runed translucent door, funkygono's ghost, amateur GrFE


Innate Abilities, Weirdness & Mutations

You are a venomous arachnid creature.
You have poisonous fangs.
You are tiny and dextrous.
Your spellcasting is less reliable in this form.
Your armour is entirely melded.
You are incapable of wielding weapons or throwing items.
((Your plain brown scales are hard. (AC +6)))
You cannot fit into any form of body armour.
((You are cold-blooded and may be slowed by cold attacks.))


Message History

The adder bites you.
You are poisoned.
The adder poisons you!
Casting: Spider Form (dangerous; 21% risk of failure)
Confirm with . or Enter, or press ? or * to list all spells.
You turn into a venomous arachnid creature.
Your +1 hat melds into your body.
You feel sick. The adder bites you.
You feel sick. The adder bites you. The adder completely misses you.
You hit the adder but do no damage.
The adder is poisoned.
You feel sick. The adder misses you.
Your unstable footing causes you to fumble your attack.
You feel sick. The adder bites you.
You are more poisoned.
The adder poisons you!
You hit the adder.
The adder is heavily wounded.
You feel very sick. The adder misses you.
You hit the adder.
You kill the adder!
You feel sick.
The kobold brigand throws a curare-tipped dart.
The curare-tipped dart hits you.
You are lethally poisoned!
You have difficulty breathing.
You feel yourself slow down.
Your transformation is almost over.
* * * LOW HITPOINT WARNING * * *
You feel extremely sick. The kobold brigand misses you.
The kobold brigand completely misses you.
The kobold brigand hits you with a +0 short sword.
* * * LOW HITPOINT WARNING * * *
You are too injured to fight recklessly!
You are too injured to fight recklessly!
You hit the kobold brigand but do no damage.
The kobold brigand is poisoned.
* * * LOW HITPOINT WARNING * * *
You feel extremely sick.
The kobold brigand hits you with a +0 short sword.
You die...

#.≈.≈##
#..
#≈..##
#≈≈≈#
#.≈≈#
##≈.≈##
#≈≈≈≈.#
#≈###≈#
#≈# #.#
#s###)##
#≈K≈#≈..#
#≈#≈#≈#≈#
#≈ ≈#≈#≈#
#≈ ≈#≈#≈#
#. .#.#.#
## ######


You could see a kobold brigand (very poisoned).

Vanquished Creatures
  A kobold brigand (Sewer)
  A hound (D:4)
  An orc priest (D:3)
  A jelly (D:4)
  Jessica (D:3)
  8 gnolls (D:2)
  11 adders
  A howler monkey skeleton (D:4)
  5 dart slugs
  5 orcs
  6 endoplasms
  8 giant cockroaches
  7 goblins
  7 hobgoblins
  19 jackals
  4 quokkas
  4 ball pythons
  6 bats
  2 frilled lizards (D:2)
  3 kobolds
  A quokka skeleton (D:4)
  10 rats
112 creatures vanquished.

Notes
Turn   | Place    | Note
-------+----------+-------------------------------------------
     0 | D:1      | kae the Draconian Transmuter began the quest for the Orb.
     0 | D:1      | Reached XP level 1. HP: 16/16 MP: 3/3
   215 | D:1      | Reached XP level 2. HP: 22/23 MP: 3/5
   702 | D:1      | Reached XP level 3. HP: 24/29 MP: 6/6
   706 | D:1      | Learned a level 3 spell: Spider Form
  1339 | D:1      | Reached skill level 1 in Poison Magic
  1585 | D:2      | Reached XP level 4. HP: 16/36 MP: 5/7
  1973 | D:2      | Reached skill level 4 in Unarmed Combat
  2521 | D:2      | Reached XP level 5. HP: 34/42 MP: 4/8
  2668 | D:2      | Found a faded altar of an unknown god.
  2820 | D:2      | Learned a level 4 spell: Ice Form
  3582 | D:3      | Reached skill level 1 in Ice Magic
  3731 | D:3      | Found a radiant altar of Vehumet.
  3776 | D:3      | Reached XP level 6. HP: 11/51 MP: 6/9
  4207 | D:3      | Noticed Jessica
  4216 | D:3      | Killed Jessica
  4436 | D:3      | Found a runed translucent door.
  4437 | D:3      | Noticed funkygono's ghost (amateur GrFE)
  4738 | D:4      | Found a hazy altar of Hepliaklqana.
  4864 | D:4      | Reached skill level 5 in Unarmed Combat
  4947 | D:4      | Found a glowing drain.
  4966 | Sewer    | Entered a sewer
  5025 | Sewer    | Slain by a kobold brigand

Illustrated notes

Levels and vault maps discovered:
D:1:      evilmike_arrival_hilbert_curve, layout_loops_ring
D:2:      layout_basic, ebering_ecumenical_altar_petrified, grunt_ministairs_2
D:3:      layout_basic, nicolae_vehumet_altar_sigil,
          ebering_ghost_reflecting_pool, uniq_jessica
D:4:      layout_rooms, nicolae_ru_path_of_blood, marbit_many_paths,
          portal_sewer_entry_f, minmay_ruined_shrine
Sewer:    sewer_co_tree

Skill      XL: |  1  2  3  4  5  6 |
---------------+-------------------+-----
Fighting       | 2 3 |  3.4
Poison Magic   | 1 2 |  2.0
Unarmed Combat | 4 5 |  5.2
Transmutations | 3 |  3.7
Ice Magic      | 1 2 |  2.6
Dodging        | |  1.7
Spellcasting   | |  2.0

Action                   |  1- 3 |  4- 6 || total
-------------------------+-------+-------++-------
Melee: Unarmed           |   152 |   190 ||   342
       Kick              |    13 |     9 ||    22
       Tailslap          |     8 |     8 ||    16
       Headbutt          |    16 |     4 ||    20
       Punch             |     2 |     1 ||     3
 Cast: Beastly Appendage |    21 |    15 ||    36
       Spider Form       |       |    18 ||    18
  Use: Scroll            |       |     7 ||     7
 Stab: Sleeping          |     1 |       ||     1
Armor: Skin              |    57 |    37 ||    94
Dodge: Dodged            |   144 |   176 ||   320

Table legend: (Time is in decaauts)
 A = Elapsed time spent in this place.
 B = Non-inter-level travel time spent in this place.
 C = Inter-level travel time spent in this place.
 D = Time resting spent in this place.
 E = Time spent auto-exploring this place.
 F = Levels seen in this place.
 G = Mean time per level.
                   A        B        C        D        E       F      G
               +--------+--------+--------+--------+--------+-----+--------+
         Total |   5017 |   4927 |     90 |    153 |   3955 |   5 | 1003.4 |
       Dungeon |   4949 |   4859 |     90 |    153 |   3912 |   4 | 1237.2 |
         Sewer |     68 |     68 |      0 |      0 |     43 |   1 |   68.0 |
               +--------+--------+--------+--------+--------+-----+--------+

Top non-repeatable levels by time:
     D:1: 2233 daAuts
     D:2: 1326 daAuts
     D:3: 999 daAuts
     D:4: 390 daAuts
   Sewer: 68 daAuts
